 Dungeon Sprint DCSS version 0.24-a0-581-gc0fa660 (webtiles) character file.

Game seed: 7879512593599633768

970 silentkaos13 the Thaumaturge (level 8, -3/65 HPs)
             Began as a Gnoll Wanderer on Aug 23, 2019.
             Was a Follower of Sif Muna.
             Slain by a shadow imp (4 damage)
             ... summoned by a kobold demonologist
             ... in the Dungeon (Sprint I: "Red Sonja").
             The game lasted 00:04:12 (928 turns).

silentkaos13 the Thaumaturge (Gnoll Wanderer)        Turns: 928, Time: 00:04:13

Health: -3/65      AC:  2    Str: 17    XL:     8   Next: 16%
Magic:  12/21      EV: 15    Int: 18    God:    Sif Muna [*.....]
Gold:   415        SH:  0    Dex: 11    Spells: 10/26 levels left

rFire    . . .     SeeInvis .   a - +0 spear
rCold    . . .     Gourm    .   (no shield)
rNeg     . . .     Faith    .   d - +0 robe
rPois    .         Spirit   .   (no helmet)
rElec    .         Reflect  .   (no cloak)
rCorr    .         Harm     .   (no gloves)
MR       .....     NoTele   +   (no boots)
Stlth    +++.......             (no amulet)
HPRegen  0.20/turn              (no ring)
MPRegen  0.17/turn              (no ring)

@: lethally poisoned (-3 -> -47), weakened
A: distributed training, fangs 1, strong nose
a: Channel Magic, Renounce Religion


You were in the Dungeon.
You worshipped Sif Muna.
Sif Muna was aware of your devotion.
You were hungry.

You visited 1 branch You collected 415 gold pieces.

Inventory:

Hand Weapons
 a - a +0 spear (weapon)
Armour
 d - a +0 robe (worn)
Wands
 b - a wand of random effects (18)
Scrolls
 k - a scroll of blinking
Potions
 e - a potion of curing
 h - a potion of haste
 i - 3 potions of magic
Comestibles
 f - a ration


   Skills:
 + Level 6.7 Fighting
 + Level 6.1 Short Blades
 + Level 6.1 Long Blades
 + Level 6.1 Axes
 + Level 6.1 Maces & Flails
 + Level 6.1 Polearms
 + Level 6.1 Staves
 + Level 6.1 Slings
 + Level 6.1 Bows
 + Level 6.1 Crossbows
 + Level 6.1 Throwing
 + Level 7.7 Armour
 + Level 6.1 Dodging
 + Level 6.1 Stealth
 + Level 6.7 Shields
 + Level 6.1 Unarmed Combat
 + Level 9.5 Spellcasting
 + Level 5.0 Conjurations
 + Level 5.0 Hexes
 + Level 5.0 Charms
 + Level 5.0 Summonings
 + Level 5.0 Necromancy
 + Level 5.0 Translocations
 + Level 5.0 Transmutations
 + Level 5.0 Fire Magic
 + Level 5.0 Ice Magic
 + Level 6.4 Air Magic
 + Level 5.0 Earth Magic
 + Level 5.0 Poison Magic
 + Level 6.7 Invocations
 + Level 6.7 Evocations


You had 10 spell levels left.
You knew the following spells:

 Your Spells              Type           Power        Failure   Level  Hunger
a - Shock                 Conj/Air       ####         1%          1    None
b - Static Discharge      Conj/Air       ####....     2%          3    None
c - Mephitic Cloud        Conj/Pois/Air  ####....     2%          3    None
d - Airstrike             Air            ####......   6%          4    ###....
e - Lightning Bolt        Conj/Air       ####......   22%         5    #####..

Your spell library contained the following spells:

 Spells                   Type           Power        Failure   Level  Hunger
 Swiftness                Chrm/Air       ####....     1%          2    None


Dungeon Overview and Level Annotations

Branches:
Dungeon (1/1)

Altars:
Cheibriados
Dithmenos
Elyvilon
Fedhas
Gozag
Hepliaklqana
Kikubaaqudgha
Makhleb
Nemelex Xobeh
Okawaru
Qazlal
Ru
Sif Muna
Trog
Uskayaw
Vehumet
Wu Jian
Xom
Yredelemnul
Zin
The Shining One
Jiyva
Lugonu

Shops:
D =


Innate Abilities, Weirdness & Mutations

Your experience applies equally to all skills.
You have very sharp teeth.
Your uncanny sense of smell can sniff out nearby items.


Message History

* * * LOW HITPOINT WARNING * * *
You are more poisoned.
The orange demon poisons you! The orange demon hits you.
* * * LOW HITPOINT WARNING * * *
You feel as though you will be weak longer.
The shadow imp completely misses you.
The kobold demonologist closely misses you.
Casting: Airstrike (safe; 6% risk of failure)
Confirm with . or Enter, or press ? or * to list all spells.
Aiming: Airstrike (safe; 6% risk of failure)
Press: ? - help, Dir - move target cursor, f/p - kobold demonologist
Aim: a kobold demonologist, wielding a +0 dagger and wearing a +0 robe (heavily wounded)
The air twists around and strikes the kobold demonologist!
The kobold demonologist is almost dead.
* * * LOW HITPOINT WARNING * * *
You feel very sick. The orange demon stings you!
* * * LOW HITPOINT WARNING * * *
The orange demon misses you. The shadow imp hits you.
You die...

####################
'..#..'..#__#.5K...#∆∆
∆ #).)..#..'..'..#@5.#
∆ ##'#####'#__####.4.+
∆ #..#...#(####∆∆#####
∆ ####..##[# ∆∆
___##'#_.+ ∩...'..._#
∆∆ .__##_.#'#
___###+#.#∆∆∆∆ ∆ ####
### ∆ ∆


You could see an orange demon, a kobold demonologist and 2 shadow imps.

Vanquished Creatures
  A kobold demonologist (D)
  A slime creature (D)
  Sigmund (D)
  A yak (D)
  A floating eye (D)
  An ogre (D)
  A jelly (D)
  Ijyb (D)
8 creatures vanquished.

Notes
Turn   | Place    | Note
-------+----------+-------------------------------------------
     0 | D        | silentkaos13 the Gnoll Wanderer began the quest for the
                  | Orb.
     0 | D        | silentkaos13 set off with the following items: a +0 spear,
                  | a +0 robe, a potion of curing, a ration, a potion of heal
                  | wounds, a potion of haste, 2 potions of magic, a potion of
                  | berserk rage, a scroll of blinking; and the following spell
                  | memorised: Shock; and the following spells available to
                  | memorise: Swiftness, Static Discharge, Mephitic Cloud,
                  | Airstrike, Lightning Bolt
     0 | D        | Reached XP level 1. HP: 17/17 MP: 8/8
     1 | D        | Noticed Ijyb
    21 | D        | Killed Ijyb
    21 | D        | Reached skill level 1 in Short Blades
    21 | D        | Reached skill level 1 in Long Blades
    21 | D        | Reached skill level 1 in Axes
    21 | D        | Reached skill level 1 in Maces & Flails
    21 | D        | Reached skill level 1 in Polearms
    21 | D        | Reached skill level 1 in Staves
    21 | D        | Reached skill level 1 in Slings
    21 | D        | Reached skill level 1 in Bows
    21 | D        | Reached skill level 1 in Crossbows
    21 | D        | Reached skill level 1 in Throwing
    21 | D        | Reached skill level 1 in Dodging
    21 | D        | Reached skill level 1 in Stealth
    21 | D        | Reached skill level 1 in Unarmed Combat
    21 | D        | Reached skill level 1 in Conjurations
    21 | D        | Reached skill level 1 in Hexes
    21 | D        | Reached skill level 1 in Charms
    21 | D        | Reached skill level 1 in Summonings
    21 | D        | Reached skill level 1 in Necromancy
    21 | D        | Reached skill level 1 in Translocations
    21 | D        | Reached skill level 1 in Transmutations
    21 | D        | Reached skill level 1 in Fire Magic
    21 | D        | Reached skill level 1 in Ice Magic
    21 | D        | Reached skill level 1 in Earth Magic
    21 | D        | Reached skill level 1 in Poison Magic
    21 | D        | Reached skill level 1 in Invocations
    21 | D        | Reached XP level 2. HP: 21/24 MP: 10/10
    21 | D        | Reached XP level 3. HP: 26/29 MP: 11/11
   238 | D        | Learned a level 3 spell: Static Discharge
   242 | D        | Learned a level 3 spell: Mephitic Cloud
   244 | D        | Noticed an ogre
   250 | D        | Killed an ogre
   250 | D        | Reached skill level 5 in Armour
   250 | D        | Reached XP level 4. HP: 37/37 MP: 4/13
   318 | D        | Noticed Sigmund
   322 | D        | Killed Sigmund
   322 | D        | Reached skill level 5 in Fighting
   322 | D        | Reached skill level 5 in Shields
   322 | D        | Reached skill level 8 in Spellcasting
   322 | D        | Reached skill level 5 in Air Magic
   322 | D        | Reached skill level 5 in Evocations
   322 | D        | Reached XP level 5. HP: 38/44 MP: 7/15
   322 | D        | Reached XP level 6. HP: 44/51 MP: 7/17
   403 | D        | Learned a level 4 spell: Airstrike
   403 | D        | Found an ornate altar of the Wu Jian Council.
   403 | D        | Found a shimmering blue altar of Sif Muna.
   407 | D        | Found a radiant altar of Vehumet.
   417 | D        | Became a worshipper of Sif Muna the Loreminder
   476 | D        | Found Liet's Jewellery Emporium.
   476 | D        | Found an ancient bone altar of Kikubaaqudgha.
   476 | D        | Found a hazy altar of Hepliaklqana.
   476 | D        | Found a stormy altar of Qazlal.
   476 | D        | Found a hide-covered altar of Uskayaw.
   476 | D        | Found a blossoming altar of Fedhas.
   476 | D        | Found a bloodstained altar of Trog.
   476 | D        | Found an iron altar of Okawaru.
   476 | D        | Found a basalt altar of Yredelemnul.
   476 | D        | Found a glowing golden altar of the Shining One.
   476 | D        | Found a snail-covered altar of Cheibriados.
   476 | D        | Found a sacrificial altar of Ru.
   476 | D        | Found a glowing silver altar of Zin.
   476 | D        | Found a shadowy altar of Dithmenos.
   476 | D        | Found a white marble altar of Elyvilon.
   476 | D        | Noticed a yak
   488 | D        | Killed a yak
   488 | D        | Reached skill level 5 in Invocations
   680 | D        | Found an opulent altar of Gozag.
   681 | D        | Found a sparkling altar of Nemelex Xobeh.
   705 | D        | Learned a level 5 spell: Lightning Bolt
   706 | D        | Found a burning altar of Makhleb.
   706 | D        | Found a viscous altar of Jiyva.
   706 | D        | Found a shimmering altar of Xom.
   706 | D        | Found a corrupted altar of Lugonu.
   706 | D        | Noticed a slime creature
   713 | D        | Killed a slime creature
   713 | D        | Reached skill level 5 in Short Blades
   713 | D        | Reached skill level 5 in Long Blades
   713 | D        | Reached skill level 5 in Axes
   713 | D        | Reached skill level 5 in Maces & Flails
   713 | D        | Reached skill level 5 in Polearms
   713 | D        | Reached skill level 5 in Staves
   713 | D        | Reached skill level 5 in Slings
   713 | D        | Reached skill level 5 in Bows
   713 | D        | Reached skill level 5 in Crossbows
   713 | D        | Reached skill level 5 in Throwing
   713 | D        | Reached skill level 5 in Dodging
   713 | D        | Reached skill level 5 in Stealth
   713 | D        | Reached skill level 5 in Unarmed Combat
   713 | D        | Reached skill level 9 in Spellcasting
   713 | D        | Reached XP level 7. HP: 27/58 MP: 1/19
   896 | D        | Noticed a kobold demonologist
   897 | D        | Noticed a kobold demonologist
   899 | D        | Reached * piety under Sif Muna
   909 | D        | Killed a kobold demonologist
   909 | D        | Reached skill level 5 in Conjurations
   909 | D        | Reached skill level 5 in Hexes
   909 | D        | Reached skill level 5 in Charms
   909 | D        | Reached skill level 5 in Summonings
   909 | D        | Reached skill level 5 in Necromancy
   909 | D        | Reached skill level 5 in Translocations
   909 | D        | Reached skill level 5 in Transmutations
   909 | D        | Reached skill level 5 in Fire Magic
   909 | D        | Reached skill level 5 in Ice Magic
   909 | D        | Reached skill level 5 in Earth Magic
   909 | D        | Reached skill level 5 in Poison Magic
   909 | D        | Reached XP level 8. HP: 59/65 MP: 1/21
   921 | D        | Noticed an orange demon
   928 | D        | HP: 1/65 [orange demon[a kobold demonologist] (8)]
   928 | D        | Slain by a shadow imp

Levels and vault maps discovered:
D:        dungeon_sprint_1 [red_sonja_temple_1, red_sonja_temple_small_1]

Skill      XL: |  1  2  3  4  5  6  7 |
---------------+----------------------+-----
Fighting       | 3 4 5 6 |  6.7
Short Blades   | 1 3 4 5 6 |  6.1
Long Blades    | 1 3 4 5 6 |  6.1
Axes           | 1 3 4 5 6 |  6.1
Maces & Flails | 1 3 4 5 6 |  6.1
Polearms       | 1 3 4 5 6 |  6.1
Staves         | 1 3 4 5 6 |  6.1
Slings         | 1 3 4 5 6 |  6.1
Bows           | 1 3 4 5 6 |  6.1
Crossbows      | 1 3 4 5 6 |  6.1
Throwing       | 1 3 4 5 6 |  6.1
Dodging        | 1 3 4 5 6 |  6.1
Stealth        | 1 3 4 5 6 |  6.1
Shields        | 3 4 5 6 |  6.7
Unarmed Combat | 1 3 4 5 6 |  6.1
Conjurations   | 1 2 3 4 5 |  5.0
Hexes          | 1 2 3 4 5 |  5.0
Charms         | 1 2 3 4 5 |  5.0
Summonings     | 1 2 3 4 5 |  5.0
Necromancy     | 1 2 3 4 5 |  5.0
Translocations | 1 2 3 4 5 |  5.0
Transmutations | 1 2 3 4 5 |  5.0
Fire Magic     | 1 2 3 4 5 |  5.0
Ice Magic      | 1 2 3 4 5 |  5.0
Air Magic      | 4 5 6 |  6.4
Earth Magic    | 1 2 3 4 5 |  5.0
Poison Magic   | 1 2 3 4 5 |  5.0
Invocations    | 1 3 4 6 |  6.7
Evocations     | 3 4 5 6 |  6.7
Armour         | 5 6 7 |  7.7
Spellcasting   | 8 9 |  9.5

Action                   |  1- 3 |  4- 6 |  7- 9 || total
-------------------------+-------+-------+-------++-------
Melee: Spear             |    20 |     6 |    15 ||    41
       Bite              |     3 |       |     1 ||     4
       Punch             |       |       |     1 ||     1
 Cast: Shock             |     3 |     7 |     4 ||    14
       Mephitic Cloud    |     1 |     2 |     1 ||     4
       Static Discharge  |       |     5 |     4 ||     9
       Airstrike         |       |     5 |     3 ||     8
  Use: Potion            |     1 |       |     2 ||     3
 Stab: Confused          |       |     1 |     1 ||     2
Armor: Robe              |     4 |       |     6 ||    10
Dodge: Dodged            |     9 |     3 |    15 ||    27

Table legend:
 A = Non-vault XP
 B = Vault XP
 C = Vault XP percentage of total XP
 D = Non-vault monster count
 E = Vault monster count
 F = Vault count percentage of total count
                 A         B        C        D         E       F
            +---------+---------+-------+---------+---------+-------
      Total |       0 |    1386 | 100.0 |       0 |       8 | 100.0
            +---------+---------+-------+---------+---------+-------
          D |       0 |    1386 | 100.0 |       0 |       8 | 100.0
            +---------+---------+-------+---------+---------+-------
